AoeStats
← 布丁

Black Forest

508427961Analyzed
4v4 RM · 9d ago on Sep 22, 2026· 52m 33s· 8 players
Game mode
Random Map
Map size
Large (8 player)
Population
200
Speed
Normal
Resources
Standard
Victory
Conquest
Starting age
Dark Age
Ending age
Imperial Age
RankedLock teamsTeams togetherTeam positionsShared explorationLock speedFull tech treeHidden civsTurbo modeCheats
Victory
Defeat
🇮🇳 Slavs · India
960
+14
🇬🇧 Bohemians · United Kingdom
929
+15
🇮🇳 Bengalis · India
917
+16
🇮🇳 Sicilians · India
900
+17
🇺🇸 Huns · United States
974
-17
🇨🇳 Franks · China
906
-15
🇹🇼 Goths · Taiwan
895
-15
🇨🇳 Celts · China
893
-15
布丁
1:42 Loom
14:05 Feudal Age
15:39 Wheelbarrow
18:22 Castle Age
16:13 Double-Bit Axe
16:18 Horse Collar
18:03 Stone Mining
20:02 Bow Saw
23:17 Hand Cart
28:40 Heavy Plow
32:19 Imperial Age
30:36 Pikeman
31:17 Squires
32:12 Scale Mail Armor
32:22 Forging
32:24 Halberdier
33:31 Perfusion
34:41 Chain Mail Armor
35:02 Iron Casting
36:24 Chemistry
37:51 Elite Skirmisher
45:39 Anarchy
49:53 Two-Man Saw
1684017744
8:06 Loom
12:02 Feudal Age
16:10 Castle Age
23:20 Double-Bit Axe
24:51 Bow Saw
24:24 Horse Collar
26:23 Wheelbarrow
26:53 Heavy Plow
26:46 Gold Mining
26:46 Stone Mining
27:30 Hand Cart
31:09 Imperial Age
31:56 Gold Shaft Mining
31:57 Stone Shaft Mining
31:53 Murder Holes
32:05 Siege Engineers
33:02 Chemistry
32:19 Furor Celtica
33:28 Heavy Scorpion
33:42 Pikeman
36:18 Forging
36:08 Scale Mail Armor
36:21 Masonry
36:33 Ballistics
38:32 Halberdier
38:58 Arson
39:56 Iron Casting
41:48 Blast Furnace
41:04 Chain Mail Armor
40:39 Gambesons
42:45 Conscription
41:50 Onager
44:55 Plate Mail Armor
48:44 Capped Ram
Tulak Hord3920
0:28 Loom
13:17 Feudal Age
21:52 Double-Bit Axe
24:20 Castle Age
22:47 Horse Collar
23:07 Gold Mining
23:08 Stone Mining
25:42 Bow Saw
25:36 Town Watch
26:28 Wheelbarrow
25:39 Town Watch
29:12 Wheelbarrow
28:59 Heavy Plow
29:07 Light Cavalry
29:50 Husbandry
30:02 Bloodlines
30:38 Gold Shaft Mining
30:55 Forging
30:53 Scale Barding Armor
36:17 Imperial Age
34:28 Hand Cart
35:32 Pikeman
39:02 Scale Mail Armor
39:39 Iron Casting
40:16 Halberdier
43:35 Cavalier
46:14 Murder Holes
46:30 Masonry
Noob.
0:34 Loom
17:57 Feudal Age
20:51 Stone Mining
20:55 Gold Mining
29:41 Castle Age
29:04 Forging
29:00 Scale Barding Armor
29:52 Double-Bit Axe
32:33 Husbandry
37:15 Squires
36:35 Pikeman
37:18 Scale Mail Armor
38:42 Pikeman
42:24 Iron Casting
50:01 Imperial Age
51:07 Conscription
50:28 Halberdier
53:18 Blast Furnace
52:34 Chain Mail Armor
52:42 Chain Barding Armor
syedatun
0:26 Loom
13:57 Feudal Age
14:34 Double-Bit Axe
14:33 Horse Collar
17:48 Castle Age
16:51 Horse Collar
18:48 Heavy Plow
19:00 Bow Saw
25:31 Wheelbarrow
26:58 Town Watch
27:39 Hand Cart
29:23 Caravan
28:57 Pikeman
29:37 Squires
29:27 Gambesons
29:02 Man-at-Arms
30:28 Town Patrol
33:38 First Crusade
35:50 Imperial Age
33:36 Forging
33:26 Scale Mail Armor
34:11 Ballistics
35:58 Iron Casting
35:39 Chain Mail Armor
35:45 Chain Mail Armor
35:23 Fletching
35:33 Long Swordsman
36:03 Onager
37:36 Conscription
36:46 Two-Handed Swordsman
37:51 Arson
38:19 Champion
40:41 Blast Furnace
40:15 Crop Rotation
39:52 Bodkin Arrow
42:36 Murder Holes
43:35 Conscription
45:13 Scale Barding Armor
46:53 Elite Serjeant
52:01 Siege Onager
SgtNinja
0:33 Loom
14:13 Feudal Age
18:21 Castle Age
17:03 Double-Bit Axe
26:58 Imperial Age
27:55 Onager
29:10 Bloodlines
29:00 Husbandry
29:08 Scale Barding Armor
29:14 Forging
34:54 Chain Barding Armor
37:45 Fortified Wall
41:00 Conscription
40:26 Elite Boyar
40:58 Horse Collar
44:43 Wheelbarrow
46:42 Plate Barding Armor
46:42 Iron Casting
46:36 Light Cavalry
48:42 Hussar
48:52 Heavy Scorpion
squidkid
9:54 Loom
11:58 Feudal Age
16:17 Castle Age
18:21 Double-Bit Axe
22:59 Wheelbarrow
22:12 Town Watch
24:04 Horse Collar
26:06 Bow Saw
25:58 Heavy Plow
27:16 Hand Cart
27:54 Town Patrol
30:05 Forging
30:00 Scale Barding Armor
30:01 Murder Holes
30:17 Fortified Wall
30:32 Husbandry
30:43 Bloodlines
33:02 Iron Casting
32:48 Chain Barding Armor
38:03 Imperial Age
39:47 Blast Furnace
39:23 Plate Barding Armor
38:11 Elite Battle Elephant
40:46 Murder Holes
41:02 Fortified Wall
41:12 Ballistics
41:44 Conscription
44:05 Elite Ratha (Ranged)
44:16 Elite Ratha (Ranged)
45:06 Paiks
-Slipstream/Matt
5:20 Loom
10:35 Feudal Age
11:00 Double-Bit Axe
12:27 Town Watch
12:47 Horse Collar
16:56 Castle Age
17:40 Wheelbarrow
18:08 Bow Saw
22:13 Heavy Plow
24:34 Hand Cart
26:22 Ballistics
26:56 Scale Mail Armor
27:07 Forging
27:49 Caravan
27:58 Pikeman
28:39 Squires
28:28 Arson
31:03 Chemistry
30:14 Masonry
30:01 Murder Holes
32:10 Town Patrol
36:01 Imperial Age
35:16 Iron Casting
34:56 Chain Mail Armor
35:17 Wagenburg Tactics
37:15 Guilds
38:24 Two-Man Saw
36:50 Halberdier
37:52 Houfnice
39:14 Plate Mail Armor
39:53 Blast Furnace
39:42 Hussite Reforms
40:01 Conscription
39:48 Hussite Reforms
Connection lost

Rejoining the realm…

Still unreachable

The connection could not be restored.

Session expired

The server has moved on; the page needs a fresh start.